 Dungeon Crawl Stone Soup version 0.30-a0-614-ge5ea1257c2 (webtiles) character file.

Game seed: 4163890167719466584

30815 M4edhros the Blocker (level 13, -3/82 HPs)
             Began as an Octopode Artificer on Jan 9, 2023.
             Was a High Priest of Cheibriados.
             Slain by a six-headed hydra (17 damage)
             ... on level 2 of the Lair of Beasts.
             The game lasted 01:05:30 (11114 turns).

M4edhros the Blocker (Octopode Artificer)          Turns: 11114, Time: 01:05:31

Health: -3/82      AC:  1    Str: 30    XL:     13   Next: 54%
Magic:  8/23       EV: 19    Int: 26    God:    Cheibriados [*****.]
Gold:   221        SH: 18    Dex: 38    Spells: 10/26 levels left

rFire   + + +      SeeInvis .    I - +6 spear (protect)
rCold   x . .      Faith    .    H - +2 kite shield
rNeg    . . .      Spirit   .    (helmet restricted)
rPois   +          Reflect  .    g - amulet of the acrobat
rElec   .          Harm     .    k - +6 ring of dexterity
rCorr   .          Rampage  .    s - ring of fire
Will    +....                    v - ring of protection from fire
Stlth   +++++                    M - +6 ring of strength
HPRegen 0.33/turn                b - ring of Ocyam {rF++ Will+ Dex-5}
MPRegen 0.18/turn                u - +6 ring of dexterity
                                 K - ring of poison resistance
                                 (no ring)

@: very slow
A: almost no armour, amphibious, 8 rings, camouflage 1, gelatinous body 1,
(nimble swimmer 1), tentacles
a: Renounce Religion, Bend Time, Temporal Distortion, Slouch, Step From Time


You were on level 2 of the Lair of Beasts.
You worshipped Cheibriados.
Cheibriados was extremely pleased with you.
You visited 4 branches of the dungeon, and saw 19 of its levels.
You also visited: Ossuary, Bailey and Gauntlet.

You collected 1689 gold pieces.
You spent 1468 gold pieces at shops.

Inventory:

Hand Weapons
 I - a +6 spear of protection (weapon)
Missiles
 a - 11 atropa-tipped darts
 d - 26 poisoned darts (quivered)
 t - a curare-tipped dart
 w - 10 javelins
Armour
 G - the +2 tower shield "Kodole" {rPois}
   (You found it on level 12 of the Dungeon)

   rPois:     It protects you from poison.
 H - a +2 kite shield (worn)
Magical Staves
 y - a staff of fire
Jewellery
 b - the ring of Ocyam (on tentacle) {rF++ Will+ Dex-5}
   (You found it in a Gauntlet)

   [ring of willpower]

   Dex:       It affects your dexterity (-5).
   rF:        It greatly protects you from fire.
   Will:      It increases your willpower.
 g - an amulet of the acrobat (around mantle)
 k - a +6 ring of dexterity (left tentacle)
 s - a ring of fire (right tentacle)
 u - a +6 ring of dexterity (on tentacle)
 v - a ring of protection from fire (on tentacle)
 K - a ring of poison resistance (on tentacle)
 M - a +6 ring of strength (on tentacle)
Wands
 f - a wand of roots (12)
 x - a wand of mindburst (8)
 B - a wand of flame (31)
 C - a wand of polymorph (3)
 E - a wand of charming (6)
 P - a wand of acid (2)
Scrolls
 c - a scroll of vulnerability
 e - 5 scrolls of fear
 h - 3 scrolls of poison
 i - 5 scrolls of teleportation
 m - 10 scrolls of identify
 p - 6 scrolls of blinking
 q - 2 scrolls of immolation
 z - a scroll of magic mapping
Potions
 j - 5 potions of might
 l - 2 potions of brilliance
 n - 2 potions of cancellation
 o - 5 potions of mutation
 r - 7 potions of curing
 A - 2 potions of berserk rage
 D - a potion of magic
 F - 2 potions of haste
 J - a potion of ambrosia
 L - 9 potions of heal wounds
 N - a potion of lignification
 O - a potion of resistance


   Skills:
 - Level 5.4 Fighting
 - Level 5.6 Staves
 - Level 5.6 Dodging
 - Level 5.3 Stealth
 * Level 10.3 Shields
 - Level 4.7 Unarmed Combat
 - Level 7.1 Spellcasting
 + Level 5.8 Conjurations
 * Level 5.9 Summonings
 - Level 5.5 Translocations
 + Level 9.0 Fire Magic
 - Level 6.4 Invocations
 - Level 5.1 Evocations


You had 10 spell levels left.
You knew the following spells:

 Your Spells              Type           Power      Damage    Failure   Level
a - Gell's Gravitas       Tloc           38%        N/A       4%          3
b - Foxfire               Conj/Fire      100%       2x1d9     1%          1
c - Fireball              Conj/Fire      32%        3d14      19%         5
d - Summon Forest         Summ/Tloc      19%        N/A       34%         5
e - Wereblood             Tmut           9%         N/A       21%         2

Your spell library contained the following spells:

 Spells                   Type           Power      Damage    Failure   Level
 Momentum Strike          Conj/Tloc      76%        3d10      1%          2
 Kiss of Death            Conj/Necr      96%        2d12      4%          1
 Shock                    Conj/Air       96%        1d9       4%          1
 Lesser Beckoning         Tloc           76%        N/A       4%          3
 Teleport Other           Tloc           38%        N/A       4%          3
 Kindle Blastsparks       Fire/Tloc/Air  100%       2d18      5%          3
 Dazzling Flash           Conj/Hex       48%        N/A       12%         3
 Ignite Poison            Fire/Tmut/Pois 37%        N/A       12%         3
 Necrotise                Necr           36%        1d5       14%         1
 Slow                     Hex            36%        N/A       14%         1
 Ensorcelled Hibernation  Hex/Ice        18%        N/A       21%         2
 Passwall                 Tmut/Erth      7%         N/A       21%         2
 Iskenderun's Battlesphe  Conj           39%        2d9       34%         5
 Confusing Touch          Hex            9%         N/A       38%         3
 Spider Form              Tmut/Pois      9%         N/A       38%         3
 Swiftness                Air            9%         N/A       38%         3
 Vampiric Draining        Necr           9%         2d6       38%         3
 Starburst                Conj/Fire      32%        6d10      69%         6
 Anguish                  Hex/Necr       4%         N/A       80%         4
 Animate Dead             Necr           9%         N/A       80%         4
 Freezing Cloud           Conj/Ice/Air   9%         6-21      86%         5
 Agony                    Necr           9%         N/A       98%         5
 Blade Hands              Tmut           4%         N/A       98%         5
 Borgnjor's Vile Clutch   Necr/Erth      4%         N/A       98%         5
 Conjure Ball Lightning   Conj/Air       12%        3x3d6     99%         6
 Death Channel            Necr           4%         N/A       100%        6
 Eringya's Noxious Bog    Tmut/Pois      4%         N/A       100%        6
 Enfeeble                 Hex            4%         N/A       100%        7
 Orb of Destruction       Conj           19%        9d8       100%        7
 Summon Hydra             Summ           20%        N/A       100%        7


Dungeon Overview and Level Annotations

Branches:
Dungeon (13/15)            Temple (1/1) D:4            Lair (3/5) D:8
  Snake (0/4) Lair:3          Orc (2/2) D:9             Elf (0/3) Orc:2
Ossuary (visited)          Bailey (visited)         Gauntlet (visited)
  Swamp: Lair:2-3    Shoals: Lair:2-3    Vaults: D:13-14

Altars:
Ashenzari
Cheibriados
Dithmenos
Elyvilon
Fedhas
Gozag
Hepliaklqana
Kikubaaqudgha
Makhleb
Nemelex Xobeh
Okawaru
Qazlal
Ru
Trog
Uskayaw
Vehumet
Xom
Yredelemnul
Zin
The Shining One
Jiyva
Lugonu

Shops:
Orc:2 ![?*


Innate Abilities, Weirdness & Mutations

You cannot wear most types of armour.
You are amphibious.
You can wear up to eight rings at the same time.
Your skin changes colour to match your surroundings (Stealth+).
Your rubbery body absorbs attacks. (AC +1, EV +1)
((You are camouflaged when in or above water. (Stealth+)))
You have tentacles for arms and can constrict up to eight enemies at once.


Message History

The six-headed hydra bites you but does no damage.
You block the cane toad's attack.
Okay, then.
Activating: Slouch (11% risk of failure)
Press: ? - help, Dir - look around, f - activate You can feel time thicken for a moment.
You kill the cane toad!
Cheibriados thoroughly appreciates the change of pace.
Cheibriados lowers the support of your attributes as your movement quickens.
The six-headed hydra bites you!
* * * LOW HITPOINT WARNING * * *
You block the six-headed hydra's attack.
The six-headed hydra misses you.
The six-headed hydra bites you but does no damage. x2
You block the six-headed hydra's attack.
Okay, then.
Casting: Fireball (dangerous; 19% risk of failure)
Confirm with . or Enter, or press ? or * to list all spells.
Aiming: Fireball (dangerous; 19% risk of failure)
Press: ? - help, Shift-Dir - straight line You feel a surge of power!
The fireball explodes!
The fireball engulfs the six-headed hydra!!
The six-headed hydra is severely wounded.
You hear a trumpeting! x2
You block the six-headed hydra's attack. x2
The six-headed hydra bites you.
* * * LOW HITPOINT WARNING * * *
The six-headed hydra bites you!
* * * LOW HITPOINT WARNING * * *
The six-headed hydra barely misses you. The six-headed hydra misses you.
Casting: Fireball (dangerous; 19% risk of failure)
Confirm with . or Enter, or press ? or * to list all spells.
Aiming: Fireball (dangerous; 19% risk of failure)
Press: ? - help, Shift-Dir - straight line You feel a surge of power!
The fireball explodes!
The fireball engulfs the six-headed hydra!!
The six-headed hydra is almost dead.
You block the six-headed hydra's attack.
The six-headed hydra bites you!
You die...

...... . .....
### P. ....
.#.# ... ...
...# .
..#..#.#.##
...#.......P#
#.....D....##
#......@....#
#............#
P..#.....#..##
. ..../.#. .#
........... #
............
####.#.#. .##
#### ####


You could see a six-headed hydra.

Vanquished Creatures
  A minotaur (Gauntlet)
  2 vault guards (Bailey)
  A centaur warrior (Orc:2)
  4 two-headed ogres
  An orc high priest (Orc:1)
  An orc knight (Orc:2)
  A wizard (Gauntlet)
  Pikel (D:5)
  2 ugly things (D:12)
  A deep elf pyromancer (D:10)
  A manticore (D:12)
  4 cyclopes
  2 black mambas
  2 gargoyles
  2 cane toads
  4 kobold demonologists
  A komodo dragon (D:12)
  6 trolls
  Prince Ribbit (Bailey)
  A hornet (Lair:3)
  A raiju (Gauntlet)
  Grinder (D:5)
  4 slime creatures
  16 yaks
  2 wraiths
  Eustachio (D:5)
  2 wyverns
  A vampire (D:10)
  2 basilisks
  6 humans (Bailey)
  3 steam dragons
  2 wargs
  2 nagas (Lair:3)
  Edmund (D:4)
  An acid dragon (D:11)
  Duvessa (D:4)
  A water moccasin (D:6)
  36 orc warriors
  An ice beast (D:8)
  2 sky beasts
  4 black bears (D:8)
  7 ogres
  2 phantoms (D:4)
  10 centaurs
  3 wolves (Lair:3)
  5 kobold brigands
  15 bullfrogs
  4 gnoll sergeants
  A necrophage (D:8)
  A water moccasin zombie (D:4)
  Dowan (D:4)
  9 killer bees
  7 howler monkeys
  2 centaur zombies (Ossuary)
  A hound (D:6)
  2 jellies (D:10)
  11 orc priests
  6 iguanas
  Jessica (D:2)
  15 orc wizards
  3 hound zombies (D:4)
  2 mummies (Ossuary)
  Robin (D:3)
  16 gnolls
  7 adders
  2 shadow imps (D:7)
  3 white imps
  An adder skeleton (D:4)
  4 adder zombies (D:4)
  A worm (D:5)
  2 dart slugs
  71 orcs
  9 endoplasms
  2 giant cockroaches (D:2)
  22 goblins
  5 hobgoblins
  4 jackals (D:4)
  22 kobolds
  4 quokkas
  8 ball pythons
  3 bats
  A frilled lizard (D:1)
  A goblin zombie (Ossuary)
  2 hobgoblin zombies (Ossuary)
  2 kobold zombies (Ossuary)
  An orc zombie (Ossuary)
  2 quokka zombies (D:6)
  7 rats
440 creatures vanquished.

Vanquished Creatures (collateral kills)
  An orc warrior (Orc:2)
  A gnoll sergeant (D:7)
  2 howler monkeys (D:7)
  2 orc priests
  4 gnolls (D:7)
  2 shadow imps (D:7)
  4 orcs
  A hobgoblin (Bailey)
  2 foxfires (D:8)
19 creatures vanquished.

Vanquished Creatures (others)
  An orc (D:5)
  173 foxfires
  12 fungi
  14 plants
  3 withered plants (D:4)
203 creatures vanquished.

Grand Total: 662 creatures vanquished

Notes
Turn   | Place    | Note
-------+----------+-------------------------------------------
     0 | D:1      | M4edhros the Octopode Artificer began the quest for the
                  | Orb.
     0 | D:1      | Reached XP level 1. HP: 13/13 MP: 1/1
   120 | D:1      | Reached XP level 2. HP: 17/18 MP: 2/2
   196 | D:2      | Reached skill level 1 in Unarmed Combat
   454 | D:3      | Identified the +10 dagger of Instinct {heavy, rC+ SInv}
   479 | D:3      | Reached XP level 3. HP: 17/23 MP: 3/3
   540 | D:3      | Found a faded altar of an unknown god.
   608 | D:4      | Noticed Edmund
   623 | D:4      | Found a staircase to the Ecumenical Temple.
   631 | Temple   | Entered the Ecumenical Temple
   735 | D:3      | Noticed Robin
  1063 | D:1      | Reached XP level 4. HP: 24/29 MP: 4/4
  1363 | D:1      | You fall into a shaft and drop 1 floor!
  1382 | D:2      | Noticed Jessica
  1388 | D:2      | Killed Jessica
  1604 | D:2      | Learned a level 3 spell: Gell's Gravitas
  1611 | D:2      | Reached XP level 5. HP: 34/34 MP: 5/5
  2117 | D:3      | Reached skill level 1 in Translocations
  2273 | D:4      | Reached XP level 6. HP: 5/41 MP: 6/6
  2384 | D:4      | Killed Edmund
  2385 | D:4      | Reached XP level 7. HP: 38/45 MP: 7/7
  2445 | D:4      | Noticed Duvessa
  2445 | D:4      | Noticed Dowan
  2476 | D:4      | Killed Duvessa
  2479 | D:4      | Killed Dowan
  3114 | D:5      | Entered Level 5 of the Dungeon
  3114 | D:5      | Noticed Eustachio
  3218 | D:5      | Killed Eustachio
  3219 | D:5      | Reached XP level 8. HP: 29/52 MP: 8/8
  3687 | D:5      | Found a snail-covered altar of Cheibriados.
  3691 | D:5      | Found a hide-covered altar of Uskayaw.
  3691 | D:5      | Found a blossoming altar of Fedhas.
  3693 | D:5      | Became a worshipper of Cheibriados the Contemplative
  3697 | D:5      | Found an iron altar of Okawaru.
  3698 | D:5      | Found a radiant altar of Vehumet.
  3737 | D:5      | Noticed Pikel
  3827 | D:5      | Learned a level 1 spell: Foxfire
  4049 | D:3      | Killed Robin
  4201 | D:3      | Reached * piety under Cheibriados
  4677 | D:6      | Gained mutation: You are clumsy. (Dex -2) [potion of
                  | mutation]
  4677 | D:6      | Lost mutation: You are clumsy. (Dex -2) [potion of
                  | mutation]
  4681 | D:6      | Reached skill level 1 in Staves
  4709 | D:6      | Reached skill level 1 in Fire Magic
  4717 | D:6      | Found a sand-covered staircase.
  4724 | Ossuary  | Entered an ossuary
  4772 | Ossuary  | Reached skill level 5 in Evocations
  4854 | Ossuary  | Reached skill level 5 in Stealth
  5024 | D:6      | Found a basalt altar of Yredelemnul.
  5067 | D:6      | Reached skill level 1 in Conjurations
  5075 | D:5      | Noticed Grinder
  5288 | D:5      | Reached ** piety under Cheibriados
  5326 | D:5      | Reached XP level 9. HP: 53/58 MP: 5/9
  5385 | D:5      | Killed Grinder
  5436 | D:5      | Killed Pikel
  5597 | D:7      | Reached skill level 5 in Translocations
  5606 | D:7      | Reached skill level 5 in Dodging
  5751 | D:7      | Found a transporter.
  5758 | D:7      | Noticed a kobold demonologist
  5762 | D:7      | Noticed a kobold demonologist
  5794 | D:7      | Killed a kobold demonologist
  5804 | D:7      | Killed a kobold demonologist
  5805 | D:7      | Reached skill level 5 in Fighting
  5805 | D:7      | Reached XP level 10. HP: 60/66 MP: 10/10
  5815 | D:7      | Reached *** piety under Cheibriados
  5821 | D:7      | Found a transporter.
  5886 | D:7      | Reached skill level 5 in Fire Magic
  5911 | D:7      | Found a glowing golden altar of the Shining One.
  6038 | D:8      | Reached skill level 5 in Staves
  6072 | D:8      | Reached skill level 1 in Shields
  6273 | D:8      | Found a flagged portal.
  6282 | Bailey   | Entered a bailey
  6289 | Bailey   | Learned a level 5 spell: Fireball
  6313 | Bailey   | Reached **** piety under Cheibriados
  6314 | Bailey   | Reached skill level 2 in Shields
  6436 | Bailey   | Reached skill level 1 in Spellcasting
  6440 | Bailey   | Reached skill level 3 in Shields
  6461 | Bailey   | Noticed Prince Ribbit
  6462 | Bailey   | Noticed a vault guard
  6528 | Bailey   | Killed Prince Ribbit
  6532 | Bailey   | Noticed a vault guard
  6562 | Bailey   | Killed a vault guard
  6563 | Bailey   | Reached skill level 4 in Shields
  6566 | Bailey   | Killed a vault guard
  6567 | Bailey   | Reached skill level 5 in Shields
  6567 | Bailey   | Reached XP level 11. HP: 57/72 MP: 13/16
  6695 | D:8      | Learned a level 5 spell: Summon Forest
  6815 | D:8      | Found a staircase to the Lair.
  6821 | D:8      | Reached ***** piety under Cheibriados
  6916 | D:9      | Reached skill level 1 in Invocations
  7009 | D:8      | Noticed an orc knight
  7136 | D:9      | Reached skill level 6 in Shields
  7136 | D:9      | Reached skill level 5 in Spellcasting
  7489 | D:9      | Found a white marble altar of Elyvilon.
  7616 | D:10     | Entered Level 10 of the Dungeon
  7732 | D:10     | Noticed a two-headed ogre
  7739 | D:10     | Killed a two-headed ogre
  7747 | D:11     | Noticed a cyclops
  7757 | D:11     | Killed a cyclops
  7758 | D:11     | Reached skill level 7 in Shields
  7779 | D:11     | Noticed a cyclops
  7793 | D:11     | Killed a cyclops
  7794 | D:11     | Reached XP level 12. HP: 64/77 MP: 17/21
  7950 | D:10     | Noticed a two-headed ogre
  7967 | D:10     | Reached skill level 5 in Invocations
  7986 | D:10     | Killed a two-headed ogre
  8140 | D:10     | Found a viscous altar of Jiyva.
  8240 | D:11     | Noticed a two-headed ogre
  8249 | D:11     | Killed a two-headed ogre
  8375 | D:11     | Noticed a two-headed ogre
  8391 | D:11     | Killed a two-headed ogre
  8392 | D:11     | Reached skill level 8 in Shields
  8434 | D:11     | Got the Handbook of Permutations
  8445 | D:11     | Learned a level 2 spell: Wereblood
  8809 | D:13     | Found a gate leading to a gauntlet.
  8816 | Gauntlet | Entered a Gauntlet
  8816 | Gauntlet | Found a transporter.
  8816 | Gauntlet | Found a runed translucent gate.
  8816 | Gauntlet | Found a transporter.
  8818 | Gauntlet | Found a transporter.
  8818 | Gauntlet | Found a transporter.
  8821 | Gauntlet | Found a runed translucent gate.
  8822 | Gauntlet | Found a runed translucent gate.
  8840 | Gauntlet | Found a transporter.
  8850 | Gauntlet | Found a transporter.
  8853 | Gauntlet | Found a transporter.
  8896 | Gauntlet | Identified the ring of Ocyam {rF++ Will+ Dex-5}
  8931 | Gauntlet | Found a transporter.
  8959 | Gauntlet | Found a transporter.
  8959 | Gauntlet | Found a transporter.
  8970 | Gauntlet | Found a transporter.
  9005 | Gauntlet | Noticed a cacodemon
  9078 | Gauntlet | Found a transporter.
  9082 | Gauntlet | Found a transporter.
  9089 | Gauntlet | Found a transporter.
  9108 | Gauntlet | Noticed a minotaur
  9126 | Gauntlet | Killed a minotaur
  9127 | Gauntlet | Reached skill level 1 in Summonings
  9160 | Gauntlet | Got the Excursus on Energy and Stolen Souls
  9177 | D:13     | Noticed a thrashing horror
  9178 | D:13     | Found a corrupted altar of Lugonu.
  9178 | D:13     | Noticed a cyan very ugly thing
  9180 | D:13     | Noticed a white very ugly thing
  9180 | D:13     | Noticed a green very ugly thing
  9180 | D:13     | Noticed a cyan very ugly thing
  9196 | D:13     | Noticed a vault guard
  9196 | D:13     | Noticed a vault guard
  9334 | D:13     | Noticed a sun demon
  9345 | D:13     | Noticed a sun demon
  9477 | D:12     | Identified the +2 tower shield "Kodole" {rPois}
  9622 | D:12     | Reached skill level 9 in Shields
  9705 | D:12     | Reached XP level 13. HP: 82/82 MP: 23/23
  9798 | D:9      | Found a staircase to the Orcish Mines.
  9805 | Orc:1    | Entered Level 1 of the Orcish Mines
  9932 | Orc:2    | Entered Level 2 of the Orcish Mines
  9932 | Orc:2    | Found Kenn's Overcharged Wands.
  9960 | Orc:2    | Reached ****** piety under Cheibriados
 10011 | Orc:2    | Found a staircase to the Elven Halls.
 10058 | Orc:2    | Reached skill level 5 in Conjurations
 10430 | Orc:2    | Reached skill level 5 in Summonings
 10600 | Orc:2    | Reached skill level 10 in Shields
 10713 | Orc:2    | Found Lusemich's Distillery.
 10714 | Orc:2    | Found Iguif's Antique Armour Shoppe.
 10714 | Orc:2    | Found Vitsaw's Distillery.
 10726 | Orc:2    | Found Kisu's Magic Scroll Emporium.
 10730 | Orc:2    | Bought a scroll of magic mapping for 90 gold pieces
 10730 | Orc:2    | Bought a scroll of blinking for 90 gold pieces
 10730 | Orc:2    | Bought a scroll of teleportation for 36 gold pieces
 10730 | Orc:2    | Bought a scroll of poison for 48 gold pieces
 10733 | Orc:2    | Bought a potion of might for 60 gold pieces
 10733 | Orc:2    | Bought 2 potions of heal wounds for 150 gold pieces
 10733 | Orc:2    | Bought a potion of heal wounds for 75 gold pieces
 10733 | Orc:2    | Bought a potion of lignification for 45 gold pieces
 10735 | Orc:2    | Bought 2 potions of heal wounds for 140 gold pieces
 10735 | Orc:2    | Bought a potion of curing for 42 gold pieces
 10735 | Orc:2    | Bought a potion of might for 56 gold pieces
 10735 | Orc:2    | Bought 3 potions of heal wounds for 210 gold pieces
 10735 | Orc:2    | Bought a potion of curing for 42 gold pieces
 10735 | Orc:2    | Bought 2 potions of curing for 84 gold pieces
 10735 | Orc:2    | Bought a potion of heal wounds for 70 gold pieces
 10735 | Orc:2    | Bought a potion of resistance for 140 gold pieces
 10755 | Orc:2    | Bought 2 potions of curing for 90 gold pieces
 10937 | Lair:1   | Entered Level 1 of the Lair of Beasts
 11046 | Lair:3   | Found a staircase to the Snake Pit.
 11114 | Lair:2   | Slain by a six-headed hydra

Illustrated notes

Levels and vault maps discovered:
D:1:      kennysheep_arrival_seaside, layout_basic, serial_shops, shop,
          supply_closet_lemuel
D:2:      layout_basic, serial_aquarium, aquarium_bridge_square
          [aquarium_subvault_bridge, aquarium_subvault_balcony,
          aquarium_subvault_balcony, aquarium_subvault_wall],
          aquarium_bridge_square [aquarium_subvault_wall,
          aquarium_subvault_wall, aquarium_subvault_wall,
          aquarium_subvault_bridge], aquarium_window_3, aquarium_window_1,
          aquarium_window_1, aquarium_window_fake, aquarium_view_2e,
          aquarium_pool_2, uniq_jessica
D:3:      layout_basic, shapermc_ecumenical_altar_mp_ritualfount,
          serial_park_tiny_2, uniq_robin
D:4:      layout_loops_ring, minmay_temple_entry_wispy, serial_undead,
          serial_undead_c, serial_undead_e, serial_undead_f, serial_undead_a,
          serial_undead_c, serial_undead_f, serial_undead_e,
          serial_park_tiny_pond, uniq_duvessa, uniq_edmund
D:5:      layout_loops_ring, minitemple, minmay_misc_feat_tiny,
          dk_noncrumbling_2, kennysheep_generic_room_13, uniq_pikel,
          uniq_grinder, uniq_eustachio
D:6:      layout_gridville, mainiacjoe_overflow_six_doors_small,
          nzn_wu_jian_contemplation, enter_ossuary_4, kennysheep_crisscross
D:7:      gammafunk_wand_slinger, layout_cave_pools,
          nicolae_tso_carved_into_rock
D:8:      layout_basic, grunt_lair_entry_orc_guard_hut, enter_bailey_3,
          kennysheep_just_a_vault
D:9:      layout_layer_cave, mainiacjoe_overflow_cross_hatched,
          hiddenorc1_lemuel
D:10:     layout_loops_corners, tgw_sif, enter_trove_3, roderic_roman_lattice,
          grunt_ministairs_15, jiyva_altar_1
D:11:     layout_basic
D:12:     layout_basic
D:13:     gammafunk_corrupted_shrine, layout_gridville, erik_vaults_2,
          gauntlet_entry_generic
Temple:   nicolae_temple_hex_pool
Lair:1:   layout_hall_layers, serial_bayou_ford_a
Lair:2:   mu_elephants_graveyard, layout_chaotic_city,
          skrybe_swamp_entry_bodies, st_stairs_3, serial_bayou_shore_b
Lair:3:   layout_long_grid, guppyfry_snake_entry_island,
          nicolae_quartered_pool_super, chequers_serial_rivers_small_b
Orc:1:    layout_caves
Orc:2:    st_orc_rangers, layout_caves, nicolae_shop_overcharged_wands

Skill      XL: |  1  2  3  4  5  6  7  8  9 10 11 12 13 |
---------------+----------------------------------------+-----
Unarmed Combat | 1 2 3 4 |  4.7
Stealth        | 2 3 4 5 |  5.3
Fighting       | 2 3 5 |  5.4
Dodging        | 3 4 5 |  5.6
Translocations | 1 2 3 4 5 |  5.5
Evocations     | 4 5 |  5.1
Staves         | 2 4 5 |  5.6
Fire Magic     | 2 4 6 7 8 9 |  9.0
Conjurations   | 1 3 4 5 |  5.8
Shields        | 5 7 9 10 | 10.3
Spellcasting   | 3 6 7 |  7.1
Invocations    | 4 6 |  6.4
Summonings     | 3 5 |  5.9

Action                   |  1- 3 |  4- 6 |  7- 9 | 10-12 | 13-15 || total
-------------------------+-------+-------+-------+-------+-------++-------
Melee: Unarmed           |    81 |    62 |   127 |       |       ||   270
       Constrict         |    23 |    25 |    50 |    86 |    38 ||   222
       Tentacles         |    16 |    18 |    70 |   174 |    34 ||   312
       Punch             |       |     1 |    11 |    32 |     3 ||    47
       Staff             |       |       |   106 |   261 |       ||   367
       Spear             |       |       |       |   305 |   199 ||   504
Throw: Dart              |       |       |       |     3 |       ||     3
 Cast: Foxfire           |       |       |    38 |    65 |       ||   103
       Gell's Gravitas   |       |       |       |    13 |       ||    13
       Fireball          |       |       |       |       |    12 ||    12
       Wereblood         |       |       |       |       |     3 ||     3
Invok: Slouch            |       |       |       |     4 |     5 ||     9
Evoke: Wand              |       |     8 |    37 |    27 |     8 ||    80
  Use: Potion            |       |       |     5 |    14 |     2 ||    21
       Scroll            |       |       |       |    25 |     1 ||    26
 Stab: Sleeping          |    10 |     6 |    14 |    15 |     4 ||    49
       Invisible         |       |       |     8 |    10 |       ||    18
       Distracted        |       |       |       |     1 |     1 ||     2
Armor: Skin              |     5 |     8 |    13 |    54 |    15 ||    95
Dodge: Dodged            |    48 |    43 |   185 |   308 |   157 ||   741
Block: Kite shield       |       |       |       |   417 |   315 ||   732

Table legend: (Time is in decaauts)
 A = Elapsed time spent in this place.
 B = Non-inter-level travel time spent in this place.
 C = Inter-level travel time spent in this place.
 D = Time resting spent in this place.
 E = Time spent auto-exploring this place.
 F = Levels seen in this place.
 G = Mean time per level.
                   A        B        C        D        E       F      G
               +--------+--------+--------+--------+--------+-----+--------+
         Total |  15283 |  13748 |   1535 |    331 |   3205 |  22 |  694.7 |
       Dungeon |  11603 |  10248 |   1355 |    288 |   2827 |  13 |  892.5 |
        Temple |     60 |     47 |     13 |      0 |      0 |   1 |   60.0 |
          Lair |    287 |    287 |      0 |      0 |     17 |   3 |   95.7 |
  Orcish Mines |   1909 |   1744 |    165 |      0 |    210 |   2 |  954.5 |
       Ossuary |    294 |    294 |      0 |      0 |    149 |   1 |  294.0 |
        Bailey |    547 |    547 |      0 |     16 |      0 |   1 |  547.0 |
      Gauntlet |    580 |    580 |      0 |     27 |      0 |   1 |  580.0 |
               +--------+--------+--------+--------+--------+-----+--------+

Top non-repeatable levels by time:
     D:5: 1251 daAuts
     D:4: 1207 daAuts
   Orc:2: 1106 daAuts
     D:9: 1039 daAuts
    D:12: 1017 daAuts
     D:8: 929 daAuts
     D:3: 928 daAuts
    D:10: 857 daAuts
     D:2: 833 daAuts
   Orc:1: 803 daAuts
    D:11: 792 daAuts
     D:1: 774 daAuts
     D:7: 758 daAuts
     D:6: 751 daAuts
Gauntlet: 580 daAuts
